 Dungeon Crawl Stone Soup version 0.31-b1-18-g61460d1e46 (webtiles) character file.

Game seed: 16364761766678169466

24898 hawla the Ripper (level 12, -1/54 HPs)
             Began as a Felid Shapeshifter on Jan 16, 2024.
             Was an Initiate of Gozag.
             Killed from afar by a hellion (31 damage)
             ... with damnation
             ... in a Gauntlet.
             The game lasted 00:43:49 (11395 turns).

hawla the Ripper (Felid Shapeshifter)              Turns: 11395, Time: 00:43:51

Health: -1/54      AC:  3    Str: 12    XL:     12   Next: 84%
Magic:  13/13      EV: 35    Int: 12    God:    Gozag
Gold:   3175       SH:  0    Dex: 33    Spells: 11/11 levels left
                                        Lives:  0   Deaths: 2

rFire   + .          .
                       - Unarmed
rCold   + . .        (shield unavailable)
rNeg    . . .        (body armour unavailable)
rPois   .            (helmet unavailable)
rElec   .            (cloak unavailable)
rCorr   .            (gloves unavailable)
SInv    +            (boots unavailable)
Will    +....        p - amulet of regeneration
Stlth   ++           G - ring of protection from fire
HPRegen 1.09/turn    k - +6 ring of dexterity
MPRegen 0.13/turn

%: no teleportation
@: flux-form, glowing
A: glow, contaminating, very small, claws 1, fangs 3, see invisible, shaggy fur
3, stealthy paws, no weapons or thrown items, no armour, multi-lived, thin
skeletal structure 1, agile 2
a: Begin Untransformation, Renounce Religion, Potion Petition, Call Merchant,
Bribe Branch


You were in a Gauntlet.
You worshipped Gozag.
Gozag was most pleased with you.
You were something dangerously unstable.
You visited 2 branches of the dungeon, and saw 15 of its levels.
You also visited: Ossuary and Gauntlet.

You collected 3564 gold pieces.
You spent 296 gold pieces at shops.
You paid 93 gold pieces to Gozag.

Inventory:

Jewellery
 e - a +4 ring of protection
 g - a +4 ring of protection
 j - the amulet of Joy {Faith MP+9 Dex+2 Slay+3}
   (You found it in a Gauntlet)

   [amulet of faith]

   Faith:     It allows you to gain divine favour quickly.
   Dex+2:     It affects your dexterity (+2).
   Slay+3:    It affects your accuracy & damage with ranged weapons and melee
   (+3).
   MP+9:      It affects your magic capacity (+9).
 k - a +6 ring of dexterity (right paw)
 l - a ring of willpower
 p - an amulet of regeneration (around neck)
 q - a ring of resist corrosion
 w - a +5 ring of evasion
 G - a ring of protection from fire (left paw)
Talismans
 b - a beast talisman
 c - a flux talisman (active)
Wands
 o - a wand of iceblast (6)
 s - a wand of flame (7)
 A - a wand of polymorph (2)
 D - a wand of charming (6)
Scrolls
 i - a scroll of silence
 r - 2 scrolls of amnesia
 v - 5 scrolls of blinking
 y - 3 scrolls of fog
Potions
 a - a potion of might
 d - 7 potions of curing
 f - 2 potions of degeneration
 h - 2 potions of invisibility
 m - 2 potions of brilliance
 n - 5 potions of enlightenment
 z - a potion of cancellation
 C - 4 potions of haste


   Skills:
 + Level 2.2 Fighting
 + Level 9.7 Dodging
 + Level 4.1 Stealth
 + Level 18.4 Unarmed Combat
 + Level 3.4 Evocations
 - Level 7.0 Shapeshifting


You had 11 spell levels left.
You didn't know any spells.
Your spell library was empty.

Dungeon Overview and Level Annotations

Branches:
Dungeon (14/15)            Temple (1/1) D:4            Lair (0/5) D:9
    Orc (0/2) D:10        Ossuary (visited)         Gauntlet (1/1)
 Vaults: D:13-14

Altars:
Ashenzari
Cheibriados
Dithmenos
Elyvilon
Fedhas
Gozag
Hepliaklqana
Kikubaaqudgha
Makhleb
Nemelex Xobeh
Okawaru
Qazlal
Ru
Sif Muna
Trog
Uskayaw
Vehumet
Wu Jian
Xom
Yredelemnul
Zin
The Shining One
Lugonu

Shops:
D:11 ?   D:12 [

Annotations:
D:10 1 runed translucent door
D:13 Frances Gauntlet 5 transporters, 1 runed translucent door


Innate Abilities, Weirdness & Mutations

You are something dangerously unstable.
You glow with magical radiation, making you easy to see and hit.
Foes you strike become dangerously contaminated with magical radiation.
You have sharp claws.
You have razor-sharp teeth.
You have supernaturally acute eyesight. (SInv)
Your thick and shaggy fur keeps you warm. (AC +3, rC+)
Your paws help you pounce on unaware monsters.
You are incapable of wielding weapons or throwing items.
You cannot wear armour.
You gain extra lives every three experience levels.
You have a somewhat thin skeletal structure. (Dex +2, Stealth+)
You are very agile. (Dex +8, Str/Int -2)


Message History

You scratch the fire bat but do no damage.
The fire bat begins to glow.
The fire bat completely misses you.
You scratch the fire bat.
The fire bat glows dangerously bright.
The fire bat is moderately wounded.
The fire bat bites you.
You are engulfed in flames.
You resist.
You claw the fire bat!
The fire bat shudders as magic cascades through it!!
You kill the fire bat!
You now have 3167 gold pieces (gained 10).
There is a transporter landing site here.
You now have 3175 gold pieces (gained 8).
There is a transporter landing site here.
There is a transporter here.
You start resting.
The hellion gives a hideous shriek!
HP restored.
You enter the transporter and appear at another place.
Found two runed doors.
There is a transporter here.
Press: ? - help, v - describe, . - travel A transporter.
You enter the transporter and appear at another place.
Found a spear and a scroll of fear.
Found a transporter.
Found a transporter.
You open the door.
There is an open translucent door here.
The hellion gestures at you.
The sphere of damnation explodes!
The damnation engulfs you! The hellion completely misses you.
You closely miss the hellion. You bite the hellion, but do no damage.
The hellion gestures at you.
The sphere of damnation explodes!
The damnation engulfs you!
The damnation engulfs the hellion.
The hellion completely resists.
You claw the hellion!
The hellion begins to glow.
The hellion is lightly wounded.
The hellion gestures at you.
The sphere of damnation explodes!
The damnation engulfs you!!
Ouch! That really hurt!
You die...
Your body crumbles into a pile of gold.

8©8.. . .....
############### ## ##
...............###≈###≈##
8⌠8..8∩8..8⌠8...#≈≈≈#≈≈≈#≈
..........................
##########################
©8#.......#8©8#.p.....#8©8
..#.#.###.#...#2#'###?#...
..#...###(#...#.#..≈#.#...
.©#..©###©#©.©#.#.©≈#©#©.
###.##....#####.#..§#)####
..#.##....#...#.#+###.#...
8.#.......#.8.#.......#.8.
..#########...#########...
..........................


You could see a hellion (contam).

Vanquished Creatures
  An entropy weaver (shapeshifter) (D:12)
  The ghost of VoidStrider the Thaumaturge, a journeyman OnAE of Sif Muna (D:10)
  Harold (D:11)
  3 two-headed ogres
  2 tengu warriors
  Urug (D:10)
  Lodul (D:10)
  A fire crab (Gauntlet)
  An ugly thing (D:12)
  A cyclops (D:11)
  Maurice (D:8)
  A shining eye (Gauntlet)
  Joseph (D:8)
  3 kobold demonologists (D:12)
  An unseen horror (D:11)
  2 trolls (D:12)
  Prince Ribbit (D:6)
  Sigmund (D:2)
  3 slime creatures (D:14)
  21 yaks
  A culicivora (shapeshifter) (D:14)
  5 wraiths
  Eustachio (D:6)
  4 fire bats
  3 shadows
  A vampire (D:13)
  2 wyverns (D:10)
  A warg (D:9)
  A golden eye (Gauntlet)
  A neqoxec (Gauntlet)
  A water elemental (D:13)
  The ghost of dornbeast the Changeling, an amateur MfSh (D:4)
  4 steam dragons
  3 chaos spawn (Gauntlet)
  2 acid dragons
  4 water moccasins
  A swamp drake (D:11)
  2 black bears
  2 ice beasts
  3 sky beasts
  6 orc warriors
  9 ogres
  2 wolves (D:9)
  11 centaurs
  2 phantoms
  4 elf zombies (Ossuary)
  12 kobold brigands
  3 bullfrogs
  A scorpion (D:6)
  3 wights (D:6)
  8 killer bees
  9 howler monkeys
  3 electric eels
  4 bombardier beetles
  A hound (D:5)
  3 human zombies (Ossuary)
  Crazy Yiuf (D:6)
  2 gnoll boudas
  5 orc priests
  A spectral scorpion (Ossuary)
  A sleepcap (D:6)
  4 iguanas
  6 orc wizards
  2 crocodile zombies (Ossuary)
  2 spectral hounds (Ossuary)
  3 mummies (Ossuary)
  6 gnolls
  10 adders
  A white imp (D:5)
  3 spectral adders (Ossuary)
  3 spectral gnolls (Ossuary)
  6 dart slugs
  2 ribbon worms (D:2)
  3 adder simulacra (Ossuary)
  24 orcs
  7 ball pythons
  11 endoplasms
  5 giant cockroaches
  5 gnoll zombies (Ossuary)
  6 goblins
  7 hobgoblins
  4 jackals (D:2)
  4 quokkas
  18 bats
  9 frilled lizards
  3 gnoll simulacra (Ossuary)
  3 jackal simulacra (Ossuary)
  60 kobolds
  6 kobold zombies (Ossuary)
  5 orc zombies (Ossuary)
  9 rats
  2 spectral jackals (Ossuary)
421 creatures vanquished.

Vanquished Creatures (others)
  A kobold (D:8)
1 creature vanquished.

Grand Total: 422 creatures vanquished

Notes
Turn   | Place    | Note
-------+----------+-------------------------------------------
     0 | D:1      | hawla the Felid Shapeshifter began the quest for the Orb.
     0 | D:1      | Reached XP level 1. HP: 10/10 MP: 2/2
    72 | D:1      | Reached XP level 2. HP: 14/14 MP: 3/3
   284 | D:1      | Reached XP level 3. HP: 18/18 MP: 4/4
   905 | D:2      | Noticed Sigmund
   909 | D:2      | Killed Sigmund
   910 | D:2      | Reached skill level 4 in Unarmed Combat
   910 | D:2      | Reached XP level 4. HP: 8/22 MP: 5/5
   910 | D:2      | Gained a life (2 lives remaining)
   910 | D:2      | Reached XP level 5. HP: 9/25 MP: 6/6
   999 | D:2      | Reached skill level 5 in Unarmed Combat
  1446 | D:2      | Gained mutation: You are covered in thick fur. (AC +2)
                  | [Felid growth]
  1446 | D:2      | Reached XP level 6. HP: 30/30 MP: 7/7
  1761 | D:3      | Found a bloodstained altar of Trog.
  1930 | D:3      | Found a faded altar of an unknown god.
  2045 | D:4      | Gained mutation: You are agile. (Dex +4, Str/Int -1)
                  | [potion of mutation]
  2045 | D:4      | Gained mutation: You are very agile. (Dex +8, Str/Int -2)
                  | [potion of mutation]
  2045 | D:4      | Gained mutation: You have a somewhat thin skeletal
                  | structure. (Dex +2, Stealth+) [potion of mutation]
  2210 | D:4      | Found a staircase to the Ecumenical Temple.
  2246 | Temple   | Entered the Ecumenical Temple
  2290 | D:4      | Found a large runed translucent door.
  2290 | D:4      | Found a large runed translucent door.
  2292 | D:4      | Noticed dornbeast's ghost (amateur MfSh)
  2304 | D:4      | Killed dornbeast's ghost
  2305 | D:4      | Reached skill level 6 in Unarmed Combat
  2305 | D:4      | Reached XP level 7. HP: 32/33 MP: 8/8
  2638 | D:4      | Reached skill level 7 in Unarmed Combat
  2854 | D:5      | Entered Level 5 of the Dungeon
  3237 | D:5      | Reached skill level 8 in Unarmed Combat
  3237 | D:5      | Reached XP level 8. HP: 30/37 MP: 9/9
  3277 | D:5      | Reached skill level 5 in Shapeshifting
  3570 | D:5      | Found a sacrificial altar of Ru.
  3659 | D:5      | Reached skill level 5 in Dodging
  3661 | D:5      | Found an opulent altar of Gozag.
  3682 | D:5      | Became a worshipper of Gozag Ym Sagoz the Greedy
  3921 | D:6      | Reached skill level 9 in Unarmed Combat
  3953 | D:6      | Found a runed translucent door.
  3953 | D:6      | Noticed Crazy Yiuf
  3954 | D:6      | Killed Crazy Yiuf
  4205 | D:6      | Found an iron altar of Okawaru.
  4207 | D:6      | Found a burning altar of Makhleb.
  4288 | D:6      | Reached skill level 10 in Unarmed Combat
  4353 | D:6      | Reached XP level 9. HP: 41/41 MP: 10/10
  4492 | D:6      | Noticed Eustachio
  4497 | D:6      | Killed Eustachio
  4558 | D:6      | Noticed Prince Ribbit
  4593 | D:6      | Killed Prince Ribbit
  4594 | D:6      | Reached skill level 11 in Unarmed Combat
  5139 | D:7      | Found a sand-covered staircase.
  5144 | Ossuary  | Entered an ossuary
  5499 | Ossuary  | Reached skill level 12 in Unarmed Combat
  5688 | D:7      | Reached XP level 10. HP: 18/45 MP: 11/11
  5958 | D:7      | Found a blossoming altar of Fedhas.
  6248 | D:8      | Found a shimmering blue altar of Sif Muna.
  6299 | D:8      | Reached skill level 13 in Unarmed Combat
  6672 | D:8      | Found a stormy altar of Qazlal.
  6840 | D:8      | Noticed Joseph
  6843 | D:8      | Noticed Maurice
  6853 | D:8      | Killed Maurice
  6855 | D:8      | Killed Joseph
  7016 | D:8      | Found a shadowy altar of Dithmenos.
  7085 | D:8      | Noticed a two-headed ogre
  7104 | D:8      | Killed a two-headed ogre
  7105 | D:8      | Reached skill level 14 in Unarmed Combat
  7105 | D:8      | Reached skill level 1 in Evocations
  7497 | D:9      | Found a broken altar of Ashenzari.
  7518 | D:9      | Found a sparkling altar of Nemelex Xobeh.
  7599 | D:9      | Reached XP level 11. HP: 49/49 MP: 12/12
  7719 | D:9      | Found a staircase to the Lair.
  8191 | D:10     | Entered Level 10 of the Dungeon
  8191 | D:10     | Noticed Urug
  8194 | D:10     | Killed Urug
  8195 | D:10     | Reached skill level 15 in Unarmed Combat
  8286 | D:10     | Noticed a two-headed ogre
  8294 | D:10     | Killed a two-headed ogre
  8310 | D:10     | Noticed a two-headed ogre
  8319 | D:10     | Killed a two-headed ogre
  8326 | D:10     | Found a staircase to the Orcish Mines.
  8411 | D:10     | Found a runed translucent door.
  8412 | D:10     | Noticed VoidStrider's ghost (journeyman OnAE)
  8561 | D:10     | Found an ornate altar of the Wu Jian Council.
  8801 | D:10     | Reached skill level 16 in Unarmed Combat
  8875 | D:10     | Reached skill level 1 in Stealth
  8927 | D:10     | Found a runed translucent door.
  8929 | D:10     | Noticed Lodul
  8966 | D:10     | Killed Lodul
  8996 | D:10     | Found a snail-covered altar of Cheibriados.
  9009 | D:10     | Noticed a flayed ghost
  9010 | D:10     | Found a burning altar of Makhleb.
  9038 | D:10     | Found a blossoming altar of Fedhas.
  9047 | D:10     | Found a radiant altar of Vehumet.
  9117 | D:10     | Found a shimmering altar of Xom.
  9128 | D:10     | Found a stormy altar of Qazlal.
  9188 | D:10     | Found an ancient bone altar of Kikubaaqudgha.
  9336 | D:10     | Killed VoidStrider's ghost
  9519 | D:11     | Gained mutation: Your thick and shaggy fur keeps you warm.
                  | (AC +3, rC+) [Felid growth]
  9519 | D:11     | Reached XP level 12. HP: 50/53 MP: 13/13
  9552 | D:11     | Found Qyber's Magic Scroll Emporium.
  9563 | D:11     | Bought a scroll of identify for 22 gold pieces
  9563 | D:11     | Bought 2 scrolls of identify for 44 gold pieces
  9563 | D:11     | Bought a scroll of blinking for 82 gold pieces
  9563 | D:11     | Bought a scroll of revelation for 82 gold pieces
  9563 | D:11     | Bought a scroll of identify for 22 gold pieces
  9563 | D:11     | Bought a scroll of fog for 44 gold pieces
  9604 | D:11     | Reached skill level 17 in Unarmed Combat
  9860 | D:11     | Noticed Harold
  9871 | D:11     | Killed Harold
 10330 | D:12     | Noticed an entropy weaver
 10341 | D:12     | Killed an entropy weaver
 10372 | D:12     | Found Wauphaov's Antique Armour Shoppe.
 10991 | D:13     | Noticed a tengu warrior
 10992 | D:13     | Noticed Frances
 11010 | D:13     | Killed a tengu warrior
 11011 | D:13     | Reached skill level 18 in Unarmed Combat
 11011 | D:13     | Killed from afar by a smoke demon
 11011 | D:13     | Lost a life (1 life remaining)
 11046 | D:13     | Noticed an ironbound preserver
 11048 | D:13     | Noticed an entropy weaver
 11058 | D:13     | HP: 2/54 [vampire/vampiric draining (17)]
 11060 | D:13     | Killed from afar by a vampire
 11060 | D:13     | Lost a life (0 lives remaining)
 11088 | D:13     | Noticed a boulder beetle
 11203 | D:14     | Noticed a tengu warrior
 11224 | D:14     | Killed a tengu warrior
 11229 | D:14     | Found a gate leading to a gauntlet.
 11238 | Gauntlet | Entered a Gauntlet
 11238 | Gauntlet | Found a transporter.
 11244 | Gauntlet | Found a transporter.
 11244 | Gauntlet | Found a transporter.
 11245 | Gauntlet | Found a transporter.
 11263 | Gauntlet | Identified the amulet of Joy {Faith MP+9 Dex+2 Slay+3}
 11275 | Gauntlet | Found a transporter.
 11277 | Gauntlet | Found a transporter.
 11277 | Gauntlet | Found a transporter.
 11322 | Gauntlet | Found a transporter.
 11340 | Gauntlet | Found a transporter.
 11340 | Gauntlet | Found a transporter.
 11380 | Gauntlet | Found a runed translucent door.
 11380 | Gauntlet | Found a runed translucent door.
 11383 | Gauntlet | Found a transporter.
 11385 | Gauntlet | Found a transporter.
 11395 | Gauntlet | Killed from afar by a hellion

Illustrated notes

Levels and vault maps discovered:
D:1:      shiori_arrival_maze, layout_loops_corners
D:2:      layout_rooms, uniq_sigmund
D:3:      layout_rooms, trog_butcher_becter,
          hellmonk_ecumenical_altar_arch_garden
D:4:      layout_rooms, temple_statues, ebering_ghost_disaster_area,
          hangedman_decor_diamond_cutter, glass_columns_a,
          lexackson_kobold_supper
D:5:      kennysheep_kobold_camp, layout_basic, kennysheep_little_box,
          grunt_gozag_statues, st_stairs_9
D:6:      layout_gridville, jmf_multi_god_temple, uniq_eustachio,
          uniq_prince_ribbit1, uniq_crazy_yiuf_cottage
D:7:      layout_basic, lemuel_tele_altar, enter_ossuary_5,
          kennysheep_cross_bottleneck
D:8:      layout_basic, mainiacjoe_overflow_24_doors, marbit_many_paths,
          grunt_dithmenos_shadows, uniq_maurice, uniq_joseph
D:9:      layout_irregular_city, ashenzari_altar_1,
          mainiacjoe_overflow_brackets, erik_lair_orcish_takeover,
          minmay_increasing_density
D:10:     due_megacathedral, layout_long_grid, nzn_wu_jian_contemplation,
          mainiacjoe_overflow_alcove_4, gammafunk_ghost_grave,
          nrook_pool_corridor, uniq_urug, uniq_lodul
D:11:     layout_basic, serial_shops, nicolae_shop_waterfront, uniq_harold
D:12:     layout_irregular_city, serial_shops, shop_statue
D:13:     layout_big_octagon, hellmonk_vaults_order_and_chaos, uniq_frances
D:14:     layout_loops_ring, gauntlet_entry_generic, special_room
          [special_room_orc], enter_trove_2, grunt_decor_mini_mirrors
Temple:   kb_corrupted_temple
Gauntlet: gammafunk_gauntlet_77_escape_option [minmay_gauntlet_arena_77_fan,
          minmay_gauntlet_arena_77_museum, minmay_gauntlet_arena_77_block_sizes,
          minmay_gauntlet_arena_77_shame_cube,
          minmay_gauntlet_arena_77_radiant_squares, gauntlet_exit_watery]

Skill      XL: |  1  2  3  4  5  6  7  8  9 10 11 12 |
---------------+-------------------------------------+-----
Shapeshifting  | 3 4 5 6 7 |  7.0
Dodging        | 3 4 5 6 8 9 |  9.7
Unarmed Combat | 4 5 6 8 10 12 14 16 18 | 18.4
Evocations     | 1 3 |  3.4
Stealth        | 1 4 |  4.1
Fighting       | 2 |  2.2

Action                     |  1- 3 |  4- 6 |  7- 9 | 10-12 || total
---------------------------+-------+-------+-------+-------++-------
  Melee: Unarmed           |    62 |   161 |   365 |   657 ||  1245
         Bite              |     3 |     9 |    51 |    98 ||   161
         Punch             |     1 |     6 |    24 |     6 ||    37
  Evoke: Wand              |       |       |     2 |    32 ||    34
    Use: Potion            |       |     2 |       |     9 ||    11
         Scroll            |       |     8 |     8 |    18 ||    34
   Stab: Sleeping          |     7 |     6 |    16 |     6 ||    35
         Distracted        |       |       |     2 |     6 ||     8
 Armour: Skin              |     4 |    48 |    87 |   184 ||   323
  Dodge: Dodged            |    48 |   152 |   263 |   676 ||  1139
   Form: Flux              |       |       |       |     1 ||     1
